 Dungeon Crawl Stone Soup version 0.31.0-12-g77e489cdc1 (webtiles) character file.

Game seed: 13211364615724214525

12133 PriceMaster the Eclecticist (level 11, 0/49 HPs)
             Began as a Spriggan Earth Elementalist on Mar 3, 2024.
             Was a Priest of Dithmenos.
             Slain by Fannar
             ... wielding a +0 quarterstaff of freezing
              (34 damage)
             ... on level 12 of the Dungeon on Mar 6, 2024.
             The game lasted 00:46:37 (17330 turns).

PriceMaster the Eclecticist (SpEE)                 Turns: 17330, Time: 00:46:38

Health: 0/49       AC: 10    Str:  4    XL:     11   Next: 58%
Magic:  2/41       EV: 19    Int: 26    God:    Dithmenos [***...]
Gold:   722        SH:  0    Dex: 16    Spells: 24/40 levels left

rFire   . . .        H - +0 dagger (distort)
rCold   . . .        f - orb {*channel}
rNeg    + . .        G - +0 steam dragon scales
rPois   .            i - +3 hat of Pondering {ponderous, Will+ MP+10 Int+5}
rElec   .            o - +1 cloak
rCorr   .            (gloves unavailable)
SInv    +            (boots unavailable)
Will    +++..        r - amulet of regeneration
Stlth   ++++++       t - ring of positive energy
HPRegen 1.08/turn    C - ring of willpower
MPRegen 0.27/turn

%: channel magic (20%)
@: wreathed by umbra, very quick
A: very small, no large weapons, unfitting armour, see invisible, speed 3
a: Renounce Religion, Shadow Step


You were on level 12 of the Dungeon.
You worshipped Dithmenos.
Dithmenos was most pleased with you.
You visited 1 branch of the dungeon, and saw 12 of its levels.
You also visited: Sewer and Bailey.

You collected 722 gold pieces.

Inventory:

Hand Weapons
 c - a +2 whip of freezing
 h - a +0 dagger
 n - a +4 quarterstaff of chaos
 A - a +3 dagger
 D - the +3 hand axe "Kaewk" {antimagic, rC+ rN++ Int-5 Dex+2}
   (You found it on level 9 of the Dungeon)

   Int-5:     It affects your intelligence (-5).
   Dex+2:     It affects your dexterity (+2).
   rC+:       It protects you from cold.
   rN++:      It greatly protects you from negative energy.
 H - a +0 dagger of distortion (weapon)
Missiles
 y - a throwing net
Armour
 a - a +0 robe
 f - an orb of energy (worn)
 i - the +3 hat of Pondering (worn) {ponderous, Will+ MP+10 Int+5}
   (You took it off Gastronok on level 8 of the Dungeon)

   Int+5:     It affects your intelligence (+5).
   Will+:     It increases your willpower.
   MP+10:     It affects your magic capacity (+10).
 o - a +1 cloak (worn)
 s - a +0 cloak
 F - a +0 pair of gloves
 G - +0 steam dragon scales (worn)
Jewellery
 d - an amulet of reflection
 r - an amulet of regeneration (around neck)
 t - a ring of positive energy (left hand)
 C - a ring of willpower (right hand)
 N - a ring of positive energy
 P - a ring of positive energy
Wands
 b - a wand of roots (6)
 x - a wand of polymorph (7)
 J - a wand of digging (7)
 O - a wand of mindburst (7)
Scrolls
 m - 2 scrolls of noise
 q - 2 scrolls of amnesia
 u - a scroll of vulnerability {unknown}
 w - 5 scrolls of teleportation
 z - 2 scrolls of blinking
 K - 2 scrolls of identify
 L - a scroll of acquirement {unknown}
Potions
 e - a potion of lignification
 g - a potion of degeneration
 j - 2 potions of might {unknown}
 l - 2 potions of ambrosia {unknown}
 p - 2 potions of attraction {unknown}
 v - 3 potions of enlightenment {unknown}
 B - a potion of mutation {unknown}
 E - 2 potions of curing
 I - a potion of magic
 Q - a potion of resistance {unknown}


   Skills:
 + Level 1.4 Fighting
 + Level 1.5 Short Blades
 + Level 5.2 Dodging
 * Level 10.7 Stealth
 * Level 15.0 Spellcasting
 + Level 4.4 Conjurations
 + Level 9.0 Earth Magic
 + Level 2.3 Alchemy
 + Level 1.4 Evocations


You had 24 spell levels left.
You knew the following spells:

 Your Spells              Type           Power      Damage    Failure   Level
a - Sandblast             Erth           100%       2d20      1%          1
b - Stone Arrow           Conj/Erth      100%       3d13      3%          3
c - Brom's Barrelling Bo  Conj/Erth      53%        2d7       8%          4
d - Petrify               Alch/Erth      49%        N/A       10%         4
e - Flame Wave            Conj/Fire      31%        2d9       26%         4

Your spell library contained the following spells:

 Spells                   Type           Power      Damage    Failure   Level
 Passwall                 Erth           61%        N/A       2%          3
 Call Imp                 Summ           38%        N/A       13%         2
 Scorch                   Fire           38%        2d6       13%         2
 Sublimation of Blood     Necr           19%        N/A       13%         2
 Summon Cactus Giant      Summ           9%         N/A       99%         6
 Summon Hydra             Summ           9%         N/A       100%        7


Dungeon Overview and Level Annotations

Branches:
Dungeon (12/15)            Temple (0/1) D:4            Lair (0/5) D:8
  Sewer (visited)          Bailey (visited)
    Orc: D:9-12

Altars:
Ashenzari
Cheibriados
Dithmenos
Fedhas
Gozag
Hepliaklqana
Kikubaaqudgha
Okawaru
Qazlal
Ru
Uskayaw
Wu Jian
Xom
Yredelemnul
The Shining One

Annotations:
D:12 Fannar


Innate Abilities, Weirdness & Mutations

You are very small and have problems with some larger weapons.
You are too small for most types of armour.
You have supernaturally acute eyesight. (SInv)
You cover ground extremely quickly. (Speed+++)


Message History

Aim: Fannar, wielding a +0 quarterstaff of freezing, wearing a +2 robe of cold resistance and wearing a ring of ice (heavily wounded, umbra, 100% to hit)
You send a boulder barrelling forward!
Fannar hits your boulder with a +0 quarterstaff of freezing.
Fannar mumbles some strange words.
The boulder barrels into Fannar!
Fannar is knocked back.
Casting: Brom's Barrelling Boulder (dangerous; 8% risk of failure)
Confirm with . or Enter, or press ? or * to list all spells.
Aiming: Stone Arrow (dangerous; 3% risk of failure)
Press: ? - help, Shift-Dir - straight line, f - ice beast
Aim: an ice beast (summoned, umbra, 78% to hit)
The stone arrow hits the ice beast!
The ice beast is heavily wounded.
Casting: Stone Arrow (dangerous; 3% risk of failure)
Confirm with . or Enter, or press ? or * to list all spells.
Aiming: Stone Arrow (dangerous; 3% risk of failure)
Press: ? - help, Shift-Dir - straight line, f/p - ice beast
Aim: an ice beast (heavily wounded, summoned, umbra, 78% to hit)
The stone arrow hits the ice beast!!
You kill the ice beast!
The ice beast disappears in a puff of smoke!
Casting: Stone Arrow (dangerous; 3% risk of failure)
Confirm with . or Enter, or press ? or * to list all spells.
Okay, then.
Casting: Stone Arrow (dangerous; 3% risk of failure)
Confirm with . or Enter, or press ? or * to list all spells.
Aiming: Sandblast (safe; 1% risk of failure)
Press: ? - help, Shift-Dir - straight line, f - ice beast
Aim: an ice beast (summoned, umbra, 85% to hit)
The blast of sand hits the ice beast!
The ice beast is heavily wounded.
Fannar mumbles some strange words.
Fannar drains the heat from the surrounding environment!
Fannar casts a spell.
Okay, then.
As you read the scroll of immolation, it crumbles to dust.
The creatures around you are filled with an inner flame!
Fannar gestures wildly while chanting.
Fannar drains the heat from the surrounding environment!
Ouch! That really hurt!
You die...

###############################
.............@.Y...e.Y........
##.........##..####.###.......
#)........##..# #.# #.......
#.........##..# #.# #e......
#......[..##..# #.# #Y...... .
#.........##..# #.# #....... ..
#.........##.>####.# #.......
...##...$.....##.......#
#.......
..............##.......#
#..####.


You could see Fannar (inner flame) and an ice beast (summoned, inner flame).

Vanquished Creatures
  Gastronok (D:8)
  A two-headed ogre (D:11)
  Pikel (D:5)
  An ugly thing (D:11)
  2 cyclopes (D:11)
  2 gargoyles (D:11)
  Maggie (D:8)
  3 komodo dragons
  A kobold demonologist (D:11)
  Psyche (D:10)
  A hornet (D:10)
  Sigmund (D:5)
  A wyvern (D:9)
  2 shadows
  A wraith (D:10)
  Eustachio (D:5)
  Grum (D:8)
  A steam dragon (D:9)
  Menkaure (D:5)
  2 vampire mosquitoes (D:12)
  Edmund (D:4)
  An acid dragon (D:10)
  Duvessa (D:4)
  A sky beast (D:7)
  2 black bears (D:8)
  5 orc warriors
  An ice beast (D:6)
  An ogre (D:4)
  4 wolves (D:8)
  A centaur (D:9)
  A phantom (D:7)
  Blork the orc (D:4)
  6 bullfrogs
  5 kobold brigands
  A gnoll sergeant (D:4)
  7 scorpions
  3 wights (D:7)
  Dowan (D:4)
  9 killer bees
  A vampire bat (D:10)
  6 howler monkeys
  A bombardier beetle (D:6)
  A gnoll bouda (D:7)
  Crazy Yiuf (D:2)
  5 orc priests
  A jelly (D:7)
  A quasit (D:5)
  3 hounds
  2 sleepcaps
  An iguana (D:4)
  Natasha (twice) (D:2)
  9 orc wizards
  19 gnolls
  11 adders
  A river rat (Sewer)
  A shadow imp (D:7)
  2 white imps (D:5)
  2 ufetubi (D:5)
  8 ribbon worms
  A dart slug (D:5)
  39 orcs
  7 ball pythons
  4 bats
  A bat skeleton (D:10)
  2 bat zombies (D:10)
  12 endoplasms
  A giant cockroach (D:2)
  9 goblins
  3 jackals (D:4)
  2 quokkas
  3 frilled lizards
  15 kobolds
  7 rats
262 creatures vanquished.

Vanquished Creatures (collateral kills)
  A kobold brigand (Sewer)
  35 boulders
36 creatures vanquished.

Vanquished Creatures (others)
  53 boulders
53 creatures vanquished.

Grand Total: 351 creatures vanquished

Notes
Turn   | Place    | Note
-------+----------+-------------------------------------------
     0 | D:1      | PriceMaster the Spriggan Earth Elementalist began the quest
                  | for the Orb.
     0 | D:1      | Reached XP level 1. HP: 9/9 MP: 5/5
   172 | D:1      | Reached skill level 3 in Spellcasting
   190 | D:1      | Reached XP level 2. HP: 13/13 MP: 4/7
   799 | D:2      | Noticed Natasha
   806 | D:2      | Killed Natasha
   807 | D:2      | Reached XP level 3. HP: 11/16 MP: 6/9
   811 | D:2      | Learned a level 3 spell: Stone Arrow
   945 | D:2      | Found a runed translucent door.
   946 | D:2      | Noticed Crazy Yiuf
  1185 | D:2      | Noticed Natasha
  1192 | D:2      | Killed Natasha
  1193 | D:2      | Reached skill level 4 in Spellcasting
  1193 | D:2      | Reached XP level 4. HP: 20/21 MP: 6/11
  1198 | D:2      | Learned a level 4 spell: Brom's Barrelling Boulder
  1419 | D:2      | Killed Crazy Yiuf
  1775 | D:3      | Reached skill level 1 in Conjurations
  1818 | D:3      | Found a faded altar of an unknown god.
  2128 | D:4      | Found a shimmering altar of Xom.
  2167 | D:4      | Noticed an ogre
  2207 | D:4      | Killed an ogre
  2208 | D:4      | Reached skill level 5 in Spellcasting
  2208 | D:4      | Reached XP level 5. HP: 24/24 MP: 1/13
  2620 | D:4      | Noticed Duvessa
  2620 | D:4      | Noticed Dowan
  2646 | D:4      | Killed Duvessa
  2647 | D:4      | Reached XP level 6. HP: 15/28 MP: 10/15
  2650 | D:4      | Killed Dowan
  2651 | D:4      | Reached skill level 5 in Earth Magic
  2727 | D:4      | Found a staircase to the Ecumenical Temple.
  3346 | D:4      | Reached XP level 7. HP: 32/32 MP: 10/16
  3499 | D:4      | Noticed Edmund
  3505 | D:4      | Reached skill level 6 in Spellcasting
  3543 | D:4      | Noticed Blork the orc
  3590 | D:4      | Killed Edmund
  3591 | D:4      | Reached skill level 1 in Fighting
  3848 | D:4      | Killed Blork the orc
  4090 | D:4      | Found an opulent altar of Gozag.
  4136 | D:4      | Reached skill level 7 in Spellcasting
  4450 | D:4      | Found a snail-covered altar of Cheibriados.
  4822 | D:5      | Entered Level 5 of the Dungeon
  4849 | D:5      | Noticed Eustachio
  4856 | D:5      | Killed Eustachio
  4857 | D:5      | Reached XP level 8. HP: 34/37 MP: 12/20
  5013 | D:5      | Noticed Pikel
  5015 | D:5      | Noticed Menkaure
  5142 | D:5      | Found a shadowy altar of Dithmenos.
  5150 | D:5      | Reached skill level 8 in Spellcasting
  5208 | D:5      | Killed Pikel
  5209 | D:5      | Reached skill level 5 in Stealth
  5209 | D:5      | Reached skill level 9 in Spellcasting
  5227 | D:5      | Killed Menkaure
  5396 | D:5      | Noticed Sigmund
  5410 | D:5      | Found an iron altar of Okawaru.
  5425 | D:5      | Killed Sigmund
  6105 | D:5      | Found a hazy altar of Hepliaklqana.
  6113 | D:5      | Became a worshipper of Dithmenos the Shadowed
  6193 | D:6      | Found a broken altar of Ashenzari.
  6214 | D:6      | Reached XP level 9. HP: 41/41 MP: 15/23
  6369 | D:6      | Identified the +1 ring mail "Akefy" {+Inv rPois rC+}
  6600 | D:6      | Found a glowing drain.
  6618 | Sewer    | Entered a sewer
  6974 | Sewer    | Reached skill level 10 in Spellcasting
  7025 | Sewer    | Reached * piety under Dithmenos
  7258 | Sewer    | Learned a level 4 spell: Petrify
  8788 | D:7      | Reached skill level 11 in Spellcasting
  9022 | D:7      | Found a blossoming altar of Fedhas.
  9047 | D:7      | Found a basalt altar of Yredelemnul.
  9422 | D:7      | Found a hide-covered altar of Uskayaw.
  9952 | D:7      | Reached ** piety under Dithmenos
 10114 | D:8      | Noticed a komodo dragon
 10114 | D:8      | Found a flagged portal.
 10118 | D:8      | Found a staircase to the Lair.
 10129 | D:8      | Noticed a komodo dragon
 10395 | D:8      | Found a sacrificial altar of Ru.
 10696 | D:8      | Killed a komodo dragon
 10697 | D:8      | Reached XP level 10. HP: 45/45 MP: 2/26
 10847 | D:8      | Reached skill level 12 in Spellcasting
 10945 | Bailey   | Entered a bailey
 11355 | Bailey   | Reached skill level 1 in Short Blades
 11358 | Bailey   | Noticed an orc knight
 11381 | D:8      | Reached skill level 5 in Dodging
 11690 | D:8      | Noticed Gastronok
 12341 | D:8      | Noticed Grum
 12365 | D:8      | Reached skill level 1 in Alchemy
 12375 | D:8      | Killed Grum
 12574 | D:8      | Noticed Maggie
 12597 | D:8      | Killed Maggie
 12808 | D:8      | Killed Gastronok
 12809 | D:8      | Reached skill level 13 in Spellcasting
 13409 | D:9      | Found an ornate altar of the Wu Jian Council.
 13427 | D:9      | Identified the +3 hand axe "Kaewk" {antimagic, rC+ rN++
                  | Int-5 Dex+2}
 13707 | D:9      | Reached skill level 1 in Evocations
 14456 | D:10     | Entered Level 10 of the Dungeon
 14611 | D:10     | Found a glowing golden altar of the Shining One.
 14642 | D:10     | Reached XP level 11. HP: 32/49 MP: 10/29
 14836 | D:10     | Noticed Psyche
 14852 | D:10     | Killed Psyche
 14955 | D:10     | Found a stormy altar of Qazlal.
 15019 | D:10     | Reached skill level 14 in Spellcasting
 15074 | D:10     | Found an ancient bone altar of Kikubaaqudgha.
 15383 | D:10     | Reached *** piety under Dithmenos
 15700 | D:11     | Noticed a red ugly thing
 15712 | D:11     | Killed a red ugly thing
 15713 | D:11     | Reached skill level 10 in Stealth
 16079 | D:11     | Noticed a two-headed ogre
 16112 | D:11     | Killed a two-headed ogre
 16127 | D:11     | Noticed a sixfirhy
 16897 | D:11     | Found a hazy altar of Hepliaklqana.
 16994 | D:11     | Learned a level 4 spell: Flame Wave
 17167 | D:12     | Reached skill level 15 in Spellcasting
 17179 | D:12     | Noticed Fannar
 17209 | D:12     | HP: 1/49 [Fannar/+0 quarterstaff of freezing (32)]
 17330 | D:12     | Slain by Fannar

Illustrated notes

Levels and vault maps discovered:
D:1:      dpeg_arrival_court, layout_basic
D:2:      layout_basic, uniq_natasha, uniq_crazy_yiuf_cottage
D:3:      layout_basic, shapermc_ecumenical_altar_ellora
D:4:      layout_layer_cave, mainiacjoe_overflow_alcove_1,
          nicolae_gozag_cash_rules_everything_around_me, xom_butterflies,
          minmay_temple_entry_stoned_glass, minmay_between, uniq_edmund,
          uniq_duvessa, uniq_blork_the_orc
D:5:      layout_basic, riverfiend_overflow_shadow_ancestor,
          mainiacjoe_overflow_24_doors, serial_demonic, serial_demonic_a,
          serial_demonic_e, serial_demonic_g, serial_demonic_b, hex_tiny,
          uniq_pikel, uniq_sigmund, uniq_menkaure, uniq_eustachio
D:6:      layout_rooms, ashenzari_conservatory_becter,
          cheibrodos_sewer_entry_bend
D:7:      layout_gridville, lemuel_crystal_altar, fedhas_altar_3,
          mainiacjoe_overflow_alcove_2, minmay_misc_feat_tiny
D:8:      layout_gridville, nicolae_ru_the_path_less_chosen,
          due_lair_maze_entry_diamond, enter_bailey_5, uniq_gastronok,
          uniq_grum, uniq_maggie
D:9:      layout_basic, mainiacjoe_overflow_concentric_impassable
D:10:     layout_roguey, mainiacjoe_overflow_chevrons, lemuel_round_altar,
          kennysheep_vampire_church, st_stairs_12, uniq_psyche
D:11:     layout_cave_pools, nzn_hepliaklqana_mist_gate
D:12:     cheibrodos_ideogram_h, layout_long_grid, david_orc_3, uniq_fannar

Skill      XL: |  1  2  3  4  5  6  7  8  9 10 11 |
---------------+----------------------------------+-----
Spellcasting   | 3 4 5 7 9 11 13 15 | 15.0
Earth Magic    | 3 4 5 6 7 8 9 |  9.0
Conjurations   | 1 2 3 4 |  4.4
Dodging        | 3 4 5 |  5.2
Fighting       | 1 |  1.4
Stealth        | 4 6 8 9 10 | 10.7
Short Blades   | 1 |  1.5
Alchemy        | 1 2 |  2.3
Evocations     | 1 |  1.4

Action                     |  1- 3 |  4- 6 |  7- 9 | 10-12 || total
---------------------------+-------+-------+-------+-------++-------
  Melee: Unarmed           |     1 |       |       |       ||     1
         Dagger            |     3 |    17 |    40 |    63 ||   123
         Whip              |       |       |    12 |       ||    12
   Cast: Sandblast         |    30 |    51 |    64 |    24 ||   169
         Stone Arrow       |       |    11 |    64 |   115 ||   190
         Brom's Barrelling |       |       |    66 |    86 ||   152
         Petrify           |       |       |    12 |    21 ||    33
         Flame Wave        |       |       |       |     3 ||     3
 Invoke: Shadow Step       |       |       |       |     1 ||     1
  Evoke: Wand              |       |       |       |    19 ||    19
    Use: Potion            |       |     1 |     2 |     8 ||    11
         Scroll            |       |     1 |    10 |     3 ||    14
   Stab: Sleeping          |       |     1 |     3 |     5 ||     9
         Petrified         |       |       |    10 |     6 ||    16
 Armour: Robe              |     7 |    25 |    45 |    29 ||   106
         Skin              |       |       |       |    55 ||    55
         Steam dragon scal |       |       |       |    28 ||    28
  Dodge: Dodged            |    13 |    61 |   106 |   143 ||   323
